 Dungeon Crawl Stone Soup version 0.13-a0-2116-g5cefd36 (webtiles) character file.

240 Greenblue the Insei (level 4, -3/32 HPs)
             Began as a Merfolk Transmuter on June 27, 2013.
             Shot with a stone by a goblin (6 damage)
             ... on Level 4 of the Dungeon.
             The game lasted 00:08:24 (1596 turns).

Greenblue the Insei (Merfolk Transmuter)            Turns: 1596, Time: 00:08:24

HP  -3/32        AC  3     Str 10      XL: 4   Next: 45%
MP   6/6         EV 13     Int 13      God:
Gold 156         SH  0     Dex 14      Spells:  2 memorised,  3 levels left

Res.Fire  : . . .   See Invis. : .     - Unarmed
Res.Cold  : . . .   Warding    : .   c - +0 robe
Life Prot.: . . .   Conserve   : .   (no shield)
Res.Poison: .       Res.Corr.  : .   (no helmet)
Res.Elec. : .       Clarity    : .   (no cloak)
Sust.Abil.: . .     Spirit.Shd : .   i - +0 pair of gauntlets
Res.Mut.  : .       Stasis     : .   (no boots)
Res.Rott. : .       Flight     : .   (no amulet)
Saprovore : . . .                    s - cursed ring of hunger
                                     e - ring of regeneration

@: slowed, very slow, slightly resistant to hostile enchantments, unstealthy
A: change form in water, swift swim
a: no special abilities


You were on level 4 of the Dungeon.
You were near starving.

You visited 1 branch of the dungeon, and saw 4 of its levels.

You collected 136 gold pieces.

Inventory:

Missiles
 b - 12 arrows
Armour
 c - a +0 robe (worn)
 i - a +0 pair of gauntlets (worn)
Comestibles
 a - 3 bread rations
 n - an apple
 p - 2 chokos
 r - a rotting chunk of goblin flesh
Scrolls
 h - 2 scrolls of curse jewellery {unknown}
 m - a scroll of teleportation {unknown}
 q - a scroll of noise {unknown}
 t - a scroll of amnesia {unknown}
Jewellery
 e - a ring of regeneration (left hand)
 j - an uncursed ring of invisibility
 l - an uncursed ring of flight
 s - a cursed ring of hunger (right hand)
Potions
 f - 2 potions of brilliance
 k - a potion of paralysis {unknown}
 o - a potion of speed {unknown}
Books
 d - a book of Changes

   Spells                             Type                      Level
   *Beastly Appendage                 Transmutation                1
   Sticks to Snakes                   Transmutation                2
   *Spider Form                       Transmutation/Poison         3
   Ice Form                           Ice/Transmutation            4
   Blade Hands                        Transmutation                5


   Skills:
 - Level 1.1 Fighting
 - Level 2.6 Dodging
 - Level 5.4 Unarmed Combat
 - Level 2.0 Spellcasting
 + Level 2.9 Transmutations
 + Level 0.4 Poison Magic


You had 3 spell levels left.
You knew the following spells:

 Your Spells              Type           Power        Failure   Level  Hunger
a - Beastly Appendage     Trmt           #.....       10%         1    ##.....
b - Spider Form           Trmt/Pois      #.........   38%         3    ####...


Dungeon Overview and Level Annotations

Branches:
Dungeon (4/27)
 Temple: D:4-7

Altars:
Cheibriados
Elyvilon

Annotations
D:3 Sigmund


Message History

The orc priest hits you but does no damage.
A ball python comes into view.
You see here a stone.
The ball python moves out of view.
The hound zombie closely misses you.
The orc priest's eyes start to glow.
The orc wizard closely misses you.
A hobgoblin comes into view.
The hobgoblin shouts!
The goblin shoots a stone.
The stone hits you!
The orc priest mumbles some strange prayers to Beogh against you.
Something smites you!
* * * LOW HITPOINT WARNING * * *
Found an orange potion.
The goblin shoots a stone.
The stone misses you. The orc wizard casts a spell at you.
You feel yourself slow down.
Found 12 poisoned needles.
You see here a stone.
The goblin shoots a stone.
The stone hits you!
You die...

.# >##. ###.(# .......
....... ..!....
###.##########........
#......(ooo.z@........
###.#......o.#........
#....g.o.#######.
#........# #......gg#
..........#
..........S#
..####..... . #.....


You could see 2 orc priests, an orc wizard, 2 orcs, a hound zombie, 2
hobgoblins, a goblin and a ball python.

Vanquished Creatures
  4 adders (D:2)
  A worm (D:2)
  2 giant geckos
  2 oozes (D:2)
  2 orcs (D:3)
  2 bats (D:1)
  2 giant cockroaches (D:2)
  4 hobgoblins
  A ball python (D:2)
  3 giant newts
  6 goblins
  5 kobolds
  4 rats
38 creatures vanquished.

Vanquished Creatures (others)
  A goblin (D:2)
1 creature vanquished.

Grand Total: 39 creatures vanquished

Notes
Turn   | Place    | Note
--------------------------------------------------------------
     0 | D:1      | Greenblue, the Merfolk Transmuter, began the quest for the Orb.
     0 | D:1      | Reached XP level 1. HP: 15/15 MP: 1/1
   278 | D:1      | Reached XP level 2. HP: 21/21 MP: 0/3
   301 | D:1      | Reached skill level 4 in Unarmed Combat
   835 | D:2      | Reached XP level 3. HP: 21/26 MP: 4/4
   913 | D:2      | Found a white marble altar of Elyvilon.
   913 | D:2      | Found a snail-covered altar of Cheibriados.
   970 | D:2      | Reached skill level 5 in Unarmed Combat
  1116 | D:2      | Reached XP level 4. HP: 25/32 MP: 6/6
  1283 | D:2      | Learned a level 3 spell: Spider Form
  1446 | D:3      | Noticed a phantom
  1520 | D:3      | Noticed Sigmund
  1596 | D:4      | Shot with a stone by a goblin

Action                   |  1- 3 |  4- 6 || total
-------------------------+-------+-------++-------
Melee: Unarmed           |   112 |    43 ||   155
 Cast: Beastly Appendage |     2 |     3 ||     5
  Use: Scroll            |     1 |       ||     1
       Potion            |       |     2 ||     2
 Stab: Sleeping          |       |     1 ||     1
